 Dungeon Crawl Stone Soup version 0.30-a0-920-g7493c07aab (webtiles) character file.

Game seed: 13459498386345751623

43 cforsyth the Shield-Bearer (level 3, -5/29 HPs)
             Began as a Human Fighter on Mar 21, 2023.
             Slain by an orc
             ... wielding a +0 war axe
              (7 damage)
             ... on level 2 of the Dungeon.
             The game lasted 00:01:05 (1018 turns).

cforsyth the Shield-Bearer (Human Fighter)          Turns: 1018, Time: 00:01:06

Health: -5/29      AC:  6    Str: 17 (18) XL:     3   Next: 82%
Magic:  3/3        EV:  6    Int:  7 (8)  God:
Gold:   102        SH:  4    Dex: 10 (12) Spells: 2/2 levels left

rFire   . . .      SeeInvis .    a - +0 flail
rCold   . . .      Faith    .    c - +0 buckler
rNeg    . . .      Spirit   .    b - +0 scale mail
rPois   +          Reflect  .    (no helmet)
rElec   .          Rampage  .    (no cloak)
rCorr   .                        (no gloves)
Will    .....                    (no boots) Stlth
                                 (no amulet)
HPRegen 0.24/turn                m - ring of poison resistance
MPRegen 0.08/turn                (no ring)

@: constricted
A: no striking features
a: no special abilities


You were on level 2 of the Dungeon.
You visited 1 branch of the dungeon, and saw 2 of its levels.

You collected 102 gold pieces.

Inventory:

Hand Weapons
 a - a +0 flail (weapon)
Armour
 b - a +0 scale mail (worn)
 c - a +0 buckler (worn)
Jewellery
 m - a ring of poison resistance (left hand)
Scrolls
 e - a scroll of enchant armour {unknown}
 g - a scroll of enchant weapon {unknown}
 h - a scroll of teleportation {unknown}
 i - a scroll of identify {unknown}
 l - 4 scrolls of fog {unknown}
Potions
 d - a potion of might
 f - a potion of flight {unknown}
 j - a potion of mutation {unknown}


   Skills:
 + Level 3.4 Fighting
 + Level 2.5 Maces & Flails
 + Level 3.4 Armour
 + Level 3.4 Shields


You had 2 spell levels left.
You didn't know any spells.
Your spell library contained the following spells:

 Spells                   Type           Power      Damage    Failure   Level
 Apportation              Tloc           0%         N/A       90%         1
 Necrotise                Necr           0%         1d4       90%         1
 Summon Small Mammal      Summ           0%         N/A       90%         1


Dungeon Overview and Level Annotations

Branches:
Dungeon (2/15)

Altars:

Shops:
D:1 :


Message History

The ball python constricts you.
You are too injured to fight recklessly!
You are too injured to fight recklessly!
You are too injured to fight recklessly!
You are too injured to fight recklessly!
You are too injured to fight recklessly!
You are too injured to fight recklessly!
You are too injured to fight recklessly!
You are too injured to fight recklessly!
You are too injured to fight recklessly!
The ball python's grasp on you weakens, but your attempt to escape fails.
The hobgoblin barely misses you. The hobgoblin hits you.
The kobold hits you but does no damage. The orc hits you with a +0 war axe!
* * * LOW HITPOINT WARNING * * *
You block the ball python's attack. The ball python constricts you.
You hit the kobold but do no damage.
The ball python bites you but does no damage.
The ball python constricts you.
* * * LOW HITPOINT WARNING * * *
The hobgoblin hits you but does no damage.
The kobold hits you but does no damage. The orc hits you with a +0 war axe.
* * * LOW HITPOINT WARNING * * *
The hobgoblin hits you but does no damage.
The ball python bites you but does no damage.
The ball python constricts you.
You barely miss the kobold. The hobgoblin closely misses you.
The hobgoblin hits you but does no damage.
The orc completely misses you.
The kobold hits you with a +0 short sword.
* * * LOW HITPOINT WARNING * * *
The ball python barely misses you. The ball python constricts you.
The hobgoblin closely misses you. The kobold hits you but does no damage.
You block the hobgoblin's attack. The orc barely misses you.
It was a potion of degeneration.
There was something very wrong with that liquid.
You feel weakened.
You feel dopey.
You feel clumsy. The ball python completely misses you.
The ball python constricts you. The hobgoblin completely misses you.
The hobgoblin closely misses you. The kobold hits you but does no damage.
The orc hits you with a +0 war axe!
You die...

...............
#...............
................
#...#...........
................
#...#..........(
#.....gS........
#...##K@o.......
#.......g.......
##..##...#.....$
#..##...#.#....
######..##..........
....................
###########.##...#.####
.....................
#####.............#.###


You could see an orc, 2 hobgoblins, a ball python and a kobold.

Vanquished Creatures
  A worm (D:2)
  A dart slug (D:1)
  2 endoplasms (D:1)
  2 giant cockroaches (D:1)
  4 goblins
  5 hobgoblins (D:1)
  3 quokkas (D:1)
  4 ball pythons
  6 bats
  2 kobolds
  6 rats
36 creatures vanquished.

Notes
Turn   | Place    | Note
-------+----------+-------------------------------------------
     0 | D:1      | cforsyth the Human Fighter began the quest for the Orb.
     0 | D:1      | Reached XP level 1. HP: 18/18 MP: 1/1
   152 | D:1      | Reached XP level 2. HP: 22/24 MP: 2/2
   203 | D:1      | Found Hoczimpu's Book Boutique.
   481 | D:1      | Reached XP level 3. HP: 26/29 MP: 3/3
  1018 | D:2      | Slain by an orc

Illustrated notes

Levels and vault maps discovered:
D:1:      lemuel_arrival_hallway, layout_loops_ring, serial_shops, shop
D:2:      layout_basic, minmay_bisected

Action                     || total
---------------------------++-------
  Melee: Flail             ||   107
    Use: Potion            ||     1
 Armour: Scale mail        ||    66
  Dodge: Dodged            ||    70
  Block: Buckler           ||    32

Table legend: (Time is in decaauts)
 A = Elapsed time spent in this place.
 B = Non-inter-level travel time spent in this place.
 C = Inter-level travel time spent in this place.
 D = Time resting spent in this place.
 E = Time spent auto-exploring this place.
 F = Levels seen in this place.
 G = Mean time per level.
                   A        B        C        D        E       F      G
               +--------+--------+--------+--------+--------+-----+--------+
         Total |   1051 |   1007 |     44 |      0 |    760 |   2 |  525.5 |
       Dungeon |   1051 |   1007 |     44 |      0 |    760 |   2 |  525.5 |
               +--------+--------+--------+--------+--------+-----+--------+

Top non-repeatable levels by time:
     D:1: 868 daAuts
     D:2: 183 daAuts
